 Dungeon Crawl Stone Soup version 0.24.0-1-gfbc8707 (webtiles) character file.

Game seed: 2220130085668690770, levelgen mode: deterministic

173 Faca the Chucker (level 5, 0/43 HPs)
             Began as a Gnoll Wanderer on Oct 26, 2019.
             Slain by an orc (2 damage)
             ... on level 3 of the Dungeon.
             The game lasted 00:06:33 (3501 turns).

Faca the Chucker (Gnoll Wanderer)                   Turns: 3501, Time: 00:06:34

Health: 0/43       AC:  5    Str: 15      XL:     5   Next: 53%
Magic:  7/7        EV: 10    Int: 14      God:
Gold:   90         SH:  0    Dex: 14 (15) Spells: 7/7 levels left

rFire    . . .     SeeInvis .   p - +0 falchion
rCold    . . .     Gourm    .   (no shield)
rNeg     . . .     Faith    .   f - +0 ring mail
rPois    +         Spirit   .   (no helmet)
rElec    .         Reflect  .   (no cloak)
rCorr    .         Harm     .   (no gloves)
MR       .....                  (no boots)
Stlth    +.........             (no amulet)
HPRegen  0.14/turn              h - ring of wizardry
MPRegen  0.10/turn              m - ring of poison resistance

@: drained
A: distributed training, fangs 1, strong nose
a: no special abilities


You were on level 3 of the Dungeon.
You were hungry.

You visited 1 branch of the dungeon, and saw 3 of its levels.

You collected 90 gold pieces.

Inventory:

Hand Weapons
 a - a +0 hand crossbow
 p - a +0 falchion (weapon)
Missiles
 c - 32 bolts
 d - 8 poisoned darts (quivered)
 i - 6 curare-tipped darts
Armour
 f - a +0 ring mail (worn)
Jewellery
 h - a ring of wizardry (left hand)
 m - a ring of poison resistance (right hand)
Scrolls
 b - 3 scrolls of identify
 j - 2 scrolls of blinking {unknown}
 l - 2 scrolls of enchant armour {unknown}
 n - a scroll of enchant weapon {unknown}
Potions
 e - a potion of haste {unknown}
 k - a potion of might {unknown}
 o - a potion of berserk rage {unknown}
Comestibles
 g - 3 rations


   Skills:
 + Level 4.8(4.0) Fighting
 + Level 1.5(0.8) Short Blades
 + Level 1.5(0.8) Long Blades
 + Level 1.5(0.8) Axes
 + Level 1.5(0.8) Maces & Flails
 + Level 1.5(0.8) Polearms
 + Level 1.5(0.8) Staves
 + Level 1.5(0.8) Slings
 + Level 1.5(0.8) Bows
 + Level 4.8(4.0) Crossbows
 + Level 4.8(4.0) Throwing
 + Level 3.0(2.2) Armour
 + Level 1.5(0.8) Dodging
 + Level 1.5(0.8) Stealth
 + Level 1.5(0.8) Shields
 + Level 1.5(0.8) Unarmed Combat
 + Level 1.5(0.8) Spellcasting
 + Level 1.2(0.5) Conjurations
 + Level 1.2(0.5) Hexes
 + Level 1.2(0.5) Charms
 + Level 2.4(1.7) Summonings
 + Level 1.2(0.5) Necromancy
 + Level 4.0(3.2) Translocations
 + Level 1.2(0.5) Transmutations
 + Level 1.2(0.5) Fire Magic
 + Level 1.2(0.5) Ice Magic
 + Level 1.2(0.5) Air Magic
 + Level 1.2(0.5) Earth Magic
 + Level 1.2(0.5) Poison Magic
 + Level 1.7(1.0) Invocations
 + Level 1.5(0.8) Evocations


You had 7 spell levels left.
You didn't know any spells.
Your spell library contained the following spells:

 Spells                   Type           Power        Failure   Level  Hunger
 Blink                    Tloc           N/A          9%          2    ###....
 Shroud of Golubria       Chrm/Tloc      #.....       16%         2    ###....
 Gell's Gravitas          Tloc           #.........   16%         3    ####...
 Lesser Beckoning         Tloc           #.........   16%         3    ####...
 Teleport Other           Tloc           #.......     16%         3    ####...
 Passage of Golubria      Tloc           N/A          45%         4    #####..


Dungeon Overview and Level Annotations

Branches:
Dungeon (3/15)

Altars:
Ashenzari
Vehumet


Innate Abilities, Weirdness & Mutations

Your experience applies equally to all skills.
You have very sharp teeth.
Your uncanny sense of smell can sniff out nearby items.


Message History

* * * LOW HITPOINT WARNING * * *
You hit the orc wizard but do no damage.
Your bite misses the orc wizard.
The orc wizard is almost dead.
The orc closely misses you.
You riposte.
You barely miss the orc. The orc wizard casts a spell at you.
The puff of flame hits you!
* * * LOW HITPOINT WARNING * * *
You hit the orc wizard.
You kill the orc wizard!
You feel your dexterity returning.
Your base Armour skill increases to level 3!
Your base Translocations skill increases to level 4!
The orc barely misses you.
You riposte.
You closely miss the orc. The orc misses you.
You closely miss the orc. The orc closely misses you.
You hit the orc.
The orc is moderately wounded.
The orc hits you.
You die...

............# #
#............##### #.
#...........).....
##.###............#####
#......##.#######.#
#......##.# #.#
#......##.# #.#
#....)..#.# #.#
#.....@.#.#######.#
#....o..#.........#
#...............###
#......########.#
......... #.# ##......#
#.# #......# #.#
######## #.# #.#


You could see an orc.

Vanquished Creatures
  A quasit (D:3)
  An orc wizard (D:3)
  5 adders
  A worm (D:3)
  3 leopard geckos
  6 orcs (D:3)
  3 giant cockroaches
  5 goblins
  11 hobgoblins
  A quokka (D:2)
  7 bats
  3 frilled lizards
  6 kobolds
  5 rats
58 creatures vanquished.

Notes
Turn   | Place    | Note
-------+----------+-------------------------------------------
     0 | D:1      | Faca the Gnoll Wanderer began the quest for the Orb.
     0 | D:1      | Faca set off with the following items: a +0 hand crossbow,
                  | 32 bolts, 9 poisoned darts, a +0 dagger, a +0 robe, a
                  | ration; and the following spells available to memorise:
                  | Blink, Shroud of Golubria, Gell's Gravitas, Lesser
                  | Beckoning, Teleport Other, Passage of Golubria
     0 | D:1      | Reached XP level 1. HP: 20/20 MP: 1/1
   270 | D:1      | Reached XP level 2. HP: 7/26 MP: 2/2
  1054 | D:1      | Reached XP level 3. HP: 31/31 MP: 3/3
  1840 | D:2      | Found a shattered altar of Ashenzari.
  1876 | D:2      | Found a radiant altar of Vehumet.
  1893 | D:2      | Reached skill level 1 in Invocations
  1942 | D:2      | Reached skill level 1 in Short Blades
  1942 | D:2      | Reached skill level 1 in Long Blades
  1942 | D:2      | Reached skill level 1 in Axes
  1942 | D:2      | Reached skill level 1 in Maces & Flails
  1942 | D:2      | Reached skill level 1 in Polearms
  1942 | D:2      | Reached skill level 1 in Staves
  1942 | D:2      | Reached skill level 1 in Slings
  1942 | D:2      | Reached skill level 1 in Bows
  1942 | D:2      | Reached skill level 1 in Dodging
  1942 | D:2      | Reached skill level 1 in Stealth
  1942 | D:2      | Reached skill level 1 in Shields
  1942 | D:2      | Reached skill level 1 in Unarmed Combat
  1942 | D:2      | Reached skill level 1 in Spellcasting
  1942 | D:2      | Reached skill level 1 in Evocations
  2176 | D:2      | Reached XP level 4. HP: 23/38 MP: 5/5
  2876 | D:3      | Reached skill level 1 in Conjurations
  2876 | D:3      | Reached skill level 1 in Hexes
  2876 | D:3      | Reached skill level 1 in Charms
  2876 | D:3      | Reached skill level 1 in Necromancy
  2876 | D:3      | Reached skill level 1 in Transmutations
  2876 | D:3      | Reached skill level 1 in Fire Magic
  2876 | D:3      | Reached skill level 1 in Ice Magic
  2876 | D:3      | Reached skill level 1 in Air Magic
  2876 | D:3      | Reached skill level 1 in Earth Magic
  2876 | D:3      | Reached skill level 1 in Poison Magic
  3309 | D:3      | Reached XP level 5. HP: 34/43 MP: 6/6
  3498 | D:3      | HP: 2/43 [orc wizard/puff of flame (8)]
  3501 | D:3      | Slain by an orc

Levels and vault maps discovered:
D:1:      roderic_crop_circles_arrival_small, layout_basic,
          chequers_serial_rivers_micro_d
D:2:      layout_rooms, overflow_temple_1_default, overflow_temple_1_default
D:3:      layout_basic

Skill      XL: |  1  2  3  4  5 |
---------------+----------------+-----
Summonings     | 2 |  2.4
Invocations    | 1 |  1.7
Short Blades   | 1 |  1.5
Long Blades    | 1 |  1.5
Axes           | 1 |  1.5
Maces & Flails | 1 |  1.5
Polearms       | 1 |  1.5
Staves         | 1 |  1.5
Slings         | 1 |  1.5
Bows           | 1 |  1.5
Dodging        | 1 |  1.5
Stealth        | 1 |  1.5
Shields        | 1 |  1.5
Unarmed Combat | 1 |  1.5
Spellcasting   | 1 |  1.5
Evocations     | 1 |  1.5
Conjurations   | 1 |  1.2
Hexes          | 1 |  1.2
Charms         | 1 |  1.2
Necromancy     | 1 |  1.2
Transmutations | 1 |  1.2
Fire Magic     | 1 |  1.2
Ice Magic      | 1 |  1.2
Air Magic      | 1 |  1.2
Earth Magic    | 1 |  1.2
Poison Magic   | 1 |  1.2
Armour         | 3 |  3.0
Translocations | 4 |  4.0
Fighting       | |  4.8
Crossbows      | |  4.8
Throwing       | |  4.8

Action                   |  1- 3 |  4- 6 || total
-------------------------+-------+-------++-------
Melee: Dagger            |    58 |       ||    58
       Bite              |    20 |    12 ||    32
       Whip              |   101 |   119 ||   220
       Punch             |       |     1 ||     1
       Falchion          |       |    13 ||    13
Throw: Dart              |     1 |     2 ||     3
  Use: Scroll            |     2 |       ||     2
       Potion            |     1 |       ||     1
 Stab: Sleeping          |     1 |     1 ||     2
  Eat: Chunk             |     4 |     4 ||     8
Armor: Robe              |    19 |       ||    19
       Ring mail         |    25 |    64 ||    89
Dodge: Dodged            |    88 |   106 ||   194
       Rpst.: Falchion   |       |     4 ||     4
